 Dungeon Crawl Stone Soup version 0.29.1-15-g9cfb28693d (webtiles) character file.

Game seed: 802389084926483522

450 BuddhaDhamma the Cleaver (level 6, -5/51 HPs)
             Began as a Minotaur Berserker on Mar 22, 2023.
             Was a Believer of Trog.
             Splashed by a jelly's acid (10 damage)
             ... on level 4 of the Dungeon.
             The game lasted 00:04:56 (3340 turns).

BuddhaDhamma the Cleaver (Minotaur Berserker)       Turns: 3340, Time: 00:04:57

Health: -5/51      AC: -3    Str: 24    XL:     6   Next: 74%
Magic:  5/5        EV:  8    Int:  4    God:    Trog [**....]
Gold:   208        SH:  0    Dex:  9    Spells: 5/5 levels left

rFire   . . .      SeeInvis .   p - +0 war axe
rCold   . . .      Faith    .   (no shield)
rNeg    . . .      Spirit   .   n - +0 chain mail
rPois   .          Reflect  .   (helmet restricted)
rElec   .          Harm     .   (no cloak)
rCorr   .          Rampage  .   (no gloves)
Will    +....                   (no boots)
Stlth   ..........              (no amulet)
HPRegen 0.17/turn               l - ring of willpower
MPRegen 0.09/turn               (no ring)

@: corroded
A: horns 2, retaliatory headbutt
a: Renounce Religion, Berserk, Trog's Hand


You were on level 4 of the Dungeon.
You worshipped Trog.
Trog was pleased with you.
You visited 1 branch of the dungeon, and saw 4 of its levels.

You collected 208 gold pieces.

Inventory:

Hand Weapons
 p - a +0 war axe (weapon)
Armour
 n - a +0 chain mail (worn)
Jewellery
 l - a ring of willpower (left hand)
Scrolls
 c - 4 scrolls of identify {unknown}
 d - 2 scrolls of brand weapon {unknown}
 e - a scroll of summoning {unknown}
 f - a scroll of fog {unknown}
 i - 5 scrolls of teleportation {unknown}
 j - a scroll of amnesia {unknown}
 m - 2 scrolls of enchant weapon {unknown}
 q - 3 scrolls of magic mapping {unknown}
Potions
 a - a potion of resistance {unknown}
 b - a potion of attraction {unknown}
 g - 2 potions of haste {unknown}
 h - a potion of might {unknown}
 k - a potion of curing {unknown}
 o - a potion of heal wounds {unknown}


   Skills:
 - Level 3.6 Fighting
 + Level 9.3 Axes
 - Level 2.4 Armour
 - Level 2.1 Dodging


You had 5 spell levels left.
You didn't know any spells.
Your spell library was empty.

Dungeon Overview and Level Annotations

Branches:
Dungeon (4/15)
 Temple: D:4-7

Altars:


Innate Abilities, Weirdness & Mutations

You have a pair of horns on your head.
You reflexively headbutt those who attack you in melee.


Message History

The hobgoblin shouts!
You slash Natasha!
Natasha is severely wounded.
Natasha mumbles some strange words.
You slash Natasha!
You kill Natasha!
Trog accepts your kill.
Trog appreciates your killing of a magic user.
Natasha yowls pathetically as she dies!
The crimson imp disappears in a puff of smoke!
You hit the jelly but do no damage.
Your hands burn!
The jelly hits you but does no damage.
You slash the jelly!
Your hands burn!
The jelly is severely wounded.
The jelly hits you. The acid corrodes you!
You are splashed with acid!
You are too injured to fight recklessly!
You are too injured to fight recklessly!
You are too injured to fight recklessly!
You hit the hobgoblin.
The hobgoblin is heavily wounded.
You barely miss the jelly.
The hobgoblin hits you but does no damage.
The jelly barely misses you.
You hit the hobgoblin. Your punch misses the hobgoblin.
The hobgoblin is almost dead.
You hit the jelly.
Your hands burn!
The jelly hits you.
You are splashed with acid!
The hobgoblin hits you but does no damage.
You barely miss the hobgoblin.
The hobgoblin is almost dead.
You hit the jelly but do no damage. The acid corrodes you!
Your hands burn!
The hobgoblin hits you. The jelly hits you. The acid corrodes you!
You are splashed with acid!
* * * LOW HITPOINT WARNING * * *
The hobgoblin hits you.
* * * LOW HITPOINT WARNING * * *
The jelly hits you.
* * * LOW HITPOINT WARNING * * *
You are splashed with acid!
You die...

## #.# ### #.. ..# #.#
#.# ####.####.#########
.......##.##......#
....P..##.##......###.##
..PPP......'.....J$.....
P.......#.##....@g###.
PP.8.P....######......#
PP...P....# #.####...
..P.PP....# #+# .
...PP..#.|#####
.......#......+
.##.##.##...### ....
..##...# .##.#####...#
##+


You could see a jelly and a hobgoblin.

Vanquished Creatures
  Sigmund (D:2)
  An orc priest (D:3)
  A hound (D:4)
  Terence (D:2)
  Natasha (twice) (D:4)
  6 adders
  4 gnolls (D:2)
  A worm (D:2)
  A dart slug (D:2)
  7 orcs (D:3)
  6 endoplasms
  3 giant cockroaches (D:3)
  6 goblins
  2 hobgoblins
  3 jackals
  3 quokkas
  6 ball pythons (D:1)
  5 bats
  3 frilled lizards
  4 kobolds
  7 rats
73 creatures vanquished.

Notes
Turn   | Place    | Note
-------+----------+-------------------------------------------
     0 | D:1      | BuddhaDhamma the Minotaur Berserker began the quest for the
                  | Orb.
     0 | D:1      | Reached XP level 1. HP: 19/19 MP: 0/0
    77 | D:1      | Reached skill level 4 in Axes
   262 | D:1      | Reached XP level 2. HP: 23/26 MP: 1/1
   874 | D:1      | Reached skill level 5 in Axes
  1273 | D:2      | You fall into a shaft and drop 1 floor!
  1288 | D:3      | Found a faded altar of an unknown god.
  1386 | D:2      | Reached XP level 3. HP: 15/31 MP: 2/2
  1569 | D:2      | Reached skill level 6 in Axes
  1569 | D:2      | Reached XP level 4. HP: 33/39 MP: 3/3
  1773 | D:2      | Reached ** piety under Trog
  1827 | D:2      | Noticed Terence
  1831 | D:2      | Killed Terence
  2072 | D:2      | Noticed Sigmund
  2079 | D:2      | Killed Sigmund
  2080 | D:2      | Reached skill level 8 in Axes
  2080 | D:2      | Reached XP level 5. HP: 45/45 MP: 4/4
  2080 | D:2      | Reached XP level 6. HP: 51/51 MP: 5/5
  3213 | D:4      | Noticed Natasha
  3217 | D:4      | Killed Natasha
  3218 | D:4      | Reached skill level 9 in Axes
  3332 | D:4      | Noticed Natasha
  3336 | D:4      | Killed Natasha
  3340 | D:4      | Splashed by a jelly's acid

Illustrated notes

Levels and vault maps discovered:
D:1:      ebering_trefoil_twist, layout_loops_corners, dk_noncrumbling_4
D:2:      layout_loops_ring, uniq_sigmund, uniq_terence
D:3:      layout_basic, hellmonk_ecumenical_altar_crossroads,
          minmay_tree_intersection, hangedman_glass_teeth,
          chequers_serial_rivers_large_a, hex_tiny
D:4:      layout_basic, kennysheep_little_box, dreamdust_mushroom_princess,
          chequers_serial_rivers_small_b, uniq_natasha

Skill      XL: |  1  2  3  4  5  6 |
---------------+-------------------+-----
Axes           | 4 5 6 8 9 |  9.3
Fighting       | |  3.6
Armour         | |  2.4
Dodging        | |  2.1

Action                   |  1- 3 |  4- 6 || total
-------------------------+-------+-------++-------
Melee: Hand axe          |    64 |    58 ||   122
       Headbutt          |     9 |    13 ||    22
       Punch             |     1 |     1 ||     2
       War axe           |       |    22 ||    22
Invok: Berserk           |     1 |     2 ||     3
 Stab: Sleeping          |     1 |       ||     1
Armor: Animal skin       |    10 |     3 ||    13
       Scale mail        |       |     6 ||     6
       Chain mail        |       |    26 ||    26
Dodge: Dodged            |    44 |    32 ||    76
